 Dungeon Crawl Stone Soup version 0.22-a0-515-g75794bf (webtiles) character file.

766 gmonis the Quickloader (level 7, -7/55 HPs)
             Began as a Centaur Hunter on June 19, 2018.
             Mangled by an orc warrior
             ... wielding a +0 war axe
              (17 damage)
             ... on level 5 of the Dungeon.
             The game lasted 00:17:24 (5902 turns).

gmonis the Quickloader (Centaur Hunter)             Turns: 5902, Time: 00:17:24

Health: -7/55      AC:  4    Str: 14    XL:     7   Next: 52%
Magic:  7/7        EV:  9    Int: 10    God:
Gold:   304        SH:  0    Dex: 12    Spells: 6/6 levels left

rFire    . . .     SeeInvis .   a - +1 hand crossbow
rCold    . . .     Gourm    .   (no shield)
rNeg     + . .     Faith    .   c - +0 leather armour
rPois    +         Spirit   .   (no helmet)
rElec    .         Reflect  .   (no cloak)
rCorr    .         Harm     .   (no gloves)
MR       .....                  (no barding)
Stlth    +.........             (no amulet)
HPRegen  0.18/turn              n - ring of poison resistance
MPRegen  0.10/turn              t - ring of positive energy

@: very quick
A: large, hooves 3, deformed body, speed 2, tough skin 3
a: no special abilities


You were on level 5 of the Dungeon.
You were not hungry.

You visited 2 branches of the dungeon, and saw 7 of its levels.

You collected 304 gold pieces.

Inventory:

Hand Weapons
 a - a +1 hand crossbow (weapon)
 b - a +0 short sword
Missiles
 d - 2 bolts (quivered)
Armour
 c - a +0 leather armour (worn)
Jewellery
 n - a ring of poison resistance (left hand)
 t - a ring of positive energy (right hand)
Wands
 r - a wand of paralysis (13)
 u - a wand of random effects (29)
 w - a wand of acid (8)
Scrolls
 g - 6 scrolls of identify
 h - 2 scrolls of teleportation {unknown}
 i - 5 scrolls of remove curse {unknown}
 k - 3 scrolls of noise {unknown}
 o - 2 scrolls of enchant weapon {unknown}
 p - a scroll of blinking {unknown}
 q - 4 scrolls of enchant armour {unknown}
 x - a scroll of immolation {unknown}
 y - a scroll of magic mapping {unknown}
 z - a scroll of fear {unknown}
Potions
 e - a potion of lignification
 j - 2 potions of haste
 l - a potion of resistance
 m - 2 potions of curing
 s - 2 potions of heal wounds
Comestibles
 f - 7 rations


   Skills:
 + Level 2.3 Fighting
 - Level 10.0 Crossbows
 + Level 1.6 Dodging
 - Level 0.4 Stealth


You had 6 spell levels left.
You didn't know any spells.
Your spell library contained the following spells:

 Spells                   Type           Power        Failure   Level  Hunger
 Spider Form              Tmut/Pois      #.........   82%         3    ####...
 Blade Hands              Tmut           #.........   100%        5    ######.
 Ice Form                 Ice/Tmut       #.......     99%         4    #####..
 Sticks to Snakes         Tmut           #.......     58%         2    ###....
 Beastly Appendage        Tmut           #.....       43%         1    ##.....


Dungeon Overview and Level Annotations

Branches:
Dungeon (6/15)             Temple (1/1) D:5

Altars:
Ashenzari
Cheibriados
Dithmenos
Elyvilon
Fedhas
Gozag
Hepliaklqana
Kikubaaqudgha
Makhleb
Nemelex Xobeh
Okawaru
Qazlal
Ru
Sif Muna
Trog
Vehumet
Wu Jian
Xom
Yredelemnul
Zin
The Shining One


Innate Abilities, Weirdness & Mutations

You have hooves in place of feet.
Armour fits poorly on your strangely shaped body.
You cover ground very quickly.
You have extremely tough skin. (AC +3)


Message History

Firing (i - inventory)
d - 5 bolts (quivered)
Press: ? - help, Shift-Dir - straight line, f/p - orc warrior
Aim: an orc warrior, wielding a war axe and wearing a plate armour (severely wounded)
You shoot a bolt. The bolt hits the orc warrior.
The orc warrior is severely wounded.
The orc warrior hits you with a war axe!
* * * LOW HITPOINT WARNING * * *
Firing (i - inventory)
d - 4 bolts (quivered)
Press: ? - help, Shift-Dir - straight line, f/p - orc warrior
Aim: an orc warrior, wielding a war axe and wearing a plate armour (severely wounded)
You shoot a bolt. The bolt hits the orc warrior.
The orc warrior is almost dead.
The orc warrior completely misses you.
Firing (i - inventory)
d - 3 bolts (quivered)
Press: ? - help, Shift-Dir - straight line, f/p - orc warrior
Aim: an orc warrior, wielding a war axe and wearing a plate armour (almost dead)
You shoot a bolt.
The bolt closely misses the orc warrior.
The orc warrior hits you with a war axe!
You die...

###### #....# #.##.#
#####.##.# .......#.#
######## #.######.#
#......# ### #.#.#....#
#...(..# #.. #.#.#.####
#...@..###### #.#
#.#.#.## #...o..'....#
#..
#.#.#..######......####.#
#.#
....#.................#.#
#..
....#..###..........#.#.#
##.# .####..#
#.......#......# #...
.##....###.....(.#......#
#..#
.##.#...........(.......#
#...
.##.###############.....#
#..#


You could see an orc warrior.

Vanquished Creatures
  A phantom (D:5)
  An ogre (D:5)
  A necrophage (D:5)
  A centaur (D:5)
  Blork the orc (D:4)
  An orc priest (D:6)
  2 orc wizards (D:4)
  A worker ant (D:5)
  Terence (D:2)
  6 adders
  8 gnolls (D:5)
  2 oozes
  2 adder skeletons
  A worm (D:3)
  A dart slug (D:1)
  3 leopard geckos
  9 orcs
  3 ball pythons
  5 giant cockroaches
  4 goblins
  7 hobgoblins
  7 jackals (D:3)
  5 kobolds
  5 bats
  2 frilled lizards
  A kobold zombie (D:6)
  4 rats
85 creatures vanquished.

Notes
Turn   | Place    | Note
-------+----------+-------------------------------------------
     0 | D:1      | gmonis the Centaur Hunter began the quest for the Orb.
     0 | D:1      | Reached XP level 1. HP: 17/17 MP: 1/1
   316 | D:1      | Reached XP level 2. HP: 20/24 MP: 2/2
   440 | D:1      | Reached skill level 5 in Crossbows
  1403 | D:2      | Reached XP level 3. HP: 29/29 MP: 3/3
  1629 | D:2      | Noticed Terence
  1641 | D:2      | Killed Terence
  1808 | D:2      | Reached skill level 6 in Crossbows
  2191 | D:2      | Reached XP level 4. HP: 21/36 MP: 4/4
  2652 | D:2      | Found a deep blue altar of Sif Muna.
  3780 | D:4      | Noticed Blork the orc
  3788 | D:4      | Killed Blork the orc
  3788 | D:4      | Reached skill level 7 in Crossbows
  3788 | D:4      | Reached XP level 5. HP: 24/41 MP: 5/5
  4151 | D:4      | Reached skill level 8 in Crossbows
  4201 | D:4      | Reached XP level 6. HP: 48/48 MP: 6/6
  4611 | D:5      | Entered Level 5 of the Dungeon
  5105 | D:5      | Found a staircase to the Ecumenical Temple.
  5114 | Temple   | Entered the Ecumenical Temple
  5255 | D:5      | Reached skill level 9 in Crossbows
  5344 | D:5      | Reached XP level 7. HP: 55/55 MP: 7/7
  5491 | D:5      | Reached skill level 10 in Crossbows
  5902 | D:5      | Mangled by an orc warrior

Vault maps used:
D:1:      evilmike_arrival_hilbert_curve, serial_bayou_pond_c,
          minmay_misc_feat_more_columns, hangedman_decor_clover_reticule
D:2:      first_ration, led_sif_pool, uniq_terence
D:3:      kennysheep_boxes
D:4:      uniq_blork_the_orc
D:5:      minmay_temple_entry_fiery, minmay_misc_feat_doors
D:6:      minmay_mini_ossuary, uniq_edmund
Temple:   compressed_dpeg_circular_temple

Skill      XL: |  1  2  3  4  5  6  7 |
---------------+----------------------+-----
Crossbows      | 5 6 7 8 9 10 | 10.0
Fighting       | |  2.3
Dodging        | |  1.6
Stealth        | |  0.4

Action                   |  1- 3 |  4- 6 |  7- 9 || total
-------------------------+-------+-------+-------++-------
Melee: Short sword       |    26 |     3 |       ||    29
       Kick              |     5 |     1 |       ||     6
 Fire: Hand crossbow     |    60 |   152 |    41 ||   253
  Use: Scroll            |       |       |     4 ||     4
  Eat: Chunk             |     1 |     9 |     1 ||    11
Armor: Leather armour    |    12 |    14 |     1 ||    27
Dodge: Dodged            |    13 |    15 |     7 ||    35

Table legend:
 A = Spawn XP
 B = Non-spawn XP
 C = Spawn XP percentage of total XP
 D = Spawn monster count
 E = Non-spawn monster count
 F = Spawn count percentage of total count
 G = Total turns spent on level
                    A         B        C        D         E        F      G
               +---------+---------+-------+---------+---------+-------+---------
         Total |       0 |    1095 |   0.0 |       0 |      85 |   0.0 |  5902
               +---------+---------+-------+---------+---------+-------+---------
           D:1 |       0 |      27 |   0.0 |       0 |      14 |   0.0 |  1179
           D:2 |       0 |      81 |   0.0 |       0 |      16 |   0.0 |  1554
           D:3 |       0 |      78 |   0.0 |       0 |      22 |   0.0 |  1038
           D:4 |       0 |     203 |   0.0 |       0 |      13 |   0.0 |   840
           D:5 |       0 |     633 |   0.0 |       0 |      15 |   0.0 |  1095
           D:6 |       0 |      73 |   0.0 |       0 |       5 |   0.0 |    87
               +---------+---------+-------+---------+---------+-------+---------
